 Dungeon Crawl Stone Soup version 0.30-a0-852-g08b95dd62f (webtiles) character file.

Game seed: 4223948835752266757

121 cforsyth the Magician (level 4, -7/24 HPs)
             Began as a Deep Elf Earth Elementalist on Mar 5, 2023.
             Mangled by Terence
             ... wielding a +1 flail of protection
              (11 damage)
             ... on level 2 of the Dungeon.
             The game lasted 00:02:19 (1707 turns).

cforsyth the Magician (Deep Elf Earth Elementalist) Turns: 1707, Time: 00:02:19

Health: -7/24      AC:  7    Str:  5    XL:     4   Next: 77%
Magic:  1/13       EV: 12    Int: 22    God:
Gold:   196        SH:  0    Dex: 15    Spells: 12/13 levels left

rFire   . . .      SeeInvis .    (no weapon)
rCold   . . .      Faith    .    (no shield)
rNeg    . . .      Spirit   .    a - +1 robe
rPois   .          Reflect  .    (no helmet)
rElec   .          Rampage  .    (no cloak)
rCorr   .                        (no gloves)
Will    .....                    (no boots)
Stlth   ++                       (no amulet)
HPRegen 0.24/turn                d - ring of flight
MPRegen 0.13/turn                i - +4 ring of protection

@: flying
A: no striking features
a: no special abilities


You were on level 2 of the Dungeon.
You visited 1 branch of the dungeon, and saw 2 of its levels.

You collected 196 gold pieces.

Inventory:

Armour
 a - a +1 robe (worn)
Jewellery
 c - an amulet of guardian spirit
 d - a ring of flight (left hand)
 i - a +4 ring of protection (right hand)
Wands
 j - a wand of flame (20)
Scrolls
 f - a scroll of identify
 n - a scroll of fog
Potions
 b - 2 potions of magic
 e - a potion of heal wounds {unknown}
 g - 2 potions of curing
 h - a potion of might {unknown}
 k - a potion of cancellation {unknown}


   Skills:
 - Level 2.4 Dodging
 - Level 2.4 Stealth
 + Level 5.2 Spellcasting
 - Level 1.1 Transmutations
 + Level 4.9 Earth Magic


You had 12 spell levels left.
You knew the following spells:

 Your Spells              Type           Power      Damage    Failure   Level
a - Sandblast             Erth           54%        2d13      1%          1

Your spell library contained the following spells:

 Spells                   Type           Power      Damage    Failure   Level
 Passwall                 Tmut/Erth      15%        N/A       4%          2
 Stone Arrow              Conj/Erth      32%        3d9       11%         3
 Petrify                  Tmut/Erth      19%        N/A       28%         4


Dungeon Overview and Level Annotations

Branches:
Dungeon (2/15)

Altars:

Annotations:
D:2 Terence


Message History

Confirm with . or Enter, or press ? or * to list all spells.
Aiming: Sandblast (safe; 1% risk of failure)
Press: ? - help, Shift-Dir - straight line, f/p - Terence
Aim: Terence, wielding a +1 flail of protection and wearing a +3 chain mail of cold resistance (blue smoke, heavily wounded, 87% to hit)
The blast of sand hits Terence but does no damage.
Terence is heavily wounded.
Terence closely misses you.
Casting: Sandblast (safe; 1% risk of failure)
Confirm with . or Enter, or press ? or * to list all spells.
Aiming: Sandblast (safe; 1% risk of failure)
Press: ? - help, Shift-Dir - straight line, f/p - Terence
Aim: Terence, wielding a +1 flail of protection and wearing a +3 chain mail of cold resistance (blue smoke, heavily wounded, 87% to hit)
The blast of sand hits Terence but does no damage.
Terence is heavily wounded.
Terence hits you but does no damage. x2
Casting: Sandblast (safe; 1% risk of failure)
Confirm with . or Enter, or press ? or * to list all spells.
Aiming: Sandblast (safe; 1% risk of failure)
Press: ? - help, Shift-Dir - straight line, f/p - Terence
Aim: Terence, wielding a +1 flail of protection and wearing a +3 chain mail of cold resistance (blue smoke, heavily wounded, 87% to hit)
The blast of sand hits Terence but does no damage.
Terence is heavily wounded.
Terence completely misses you.
Casting: Sandblast (safe; 1% risk of failure)
Confirm with . or Enter, or press ? or * to list all spells.
Aiming: Sandblast (safe; 1% risk of failure)
Press: ? - help, Shift-Dir - straight line, f/p - Terence
Aim: Terence, wielding a +1 flail of protection and wearing a +3 chain mail of cold resistance (heavily wounded, 87% to hit)
The blast of sand hits Terence!
Terence is almost dead.
Terence barely misses you. Terence misses you.
Casting: Sandblast (safe; 1% risk of failure)
Confirm with . or Enter, or press ? or * to list all spells.
Aiming: Sandblast (safe; 1% risk of failure)
Press: ? - help, Shift-Dir - straight line, f/p - Terence
Aim: Terence, wielding a +1 flail of protection and wearing a +3 chain mail of cold resistance (blue smoke, almost dead, 87% to hit)
The blast of sand hits Terence but does no damage.
Terence is almost dead.
Terence hits you with a +1 flail of protection!
You die...

.........#
.......>.#
.........#
#...<....#
.........#
#........#
.....§...###
#........#
...........
.....[...##
.....§§@.#
#.........
.....§§@§###
#........
##...§§§§§.#
#.....†##
#..§.§§.§.#
#...†...##
#......§§.#
#.........
#.........#
########.#
#.........# #.#
######|#####
#####.# #.....#
#......
#####.######.####.


You could see Terence.

Vanquished Creatures
  Natasha (thrice) (D:2)
  A worm (D:2)
  A dart slug (D:2)
  4 ball pythons
  2 bats (D:2)
  2 endoplasms (D:1)
  2 giant cockroaches (D:2)
  3 goblins
  A hobgoblin (D:1)
  10 jackals (D:2)
  A quokka (D:1)
  3 frilled lizards
  5 rats
38 creatures vanquished.

Notes
Turn   | Place    | Note
-------+----------+-------------------------------------------
     0 | D:1      | cforsyth the Deep Elf Earth Elementalist began the quest
                  | for the Orb.
     0 | D:1      | Reached XP level 1. HP: 10/10 MP: 6/6
    28 | D:1      | Found a faded altar of an unknown god.
   355 | D:1      | Reached XP level 2. HP: 15/15 MP: 5/8
  1072 | D:2      | Noticed Natasha
  1077 | D:2      | Killed Natasha
  1078 | D:2      | Reached skill level 4 in Spellcasting
  1078 | D:2      | Reached XP level 3. HP: 3/19 MP: 6/10
  1090 | D:2      | Noticed Natasha
  1095 | D:2      | Killed Natasha
  1096 | D:2      | Reached XP level 4. HP: 4/24 MP: 3/12
  1198 | D:2      | Noticed Natasha
  1222 | D:2      | Killed Natasha
  1223 | D:2      | Reached skill level 5 in Spellcasting
  1686 | D:2      | Noticed Terence
  1707 | D:2      | Mangled by Terence

Illustrated notes

Levels and vault maps discovered:
D:1:      dpeg_arrival_water_temple_mockup, layout_loops_ring,
          hellmonk_ecumenical_altar_pennies_from_heaven, roderic_lattice_a
D:2:      layout_rooms, minmay_octomino_j4, uniq_natasha, uniq_terence

Skill      XL: |  1  2  3  4 |
---------------+-------------+-----
Spellcasting   | 4 5 |  5.2
Earth Magic    | 4 |  4.9
Dodging        | |  2.4
Stealth        | |  2.4
Transmutations | |  1.1

Action                     |  1- 3 |  4- 6 || total
---------------------------+-------+-------++-------
   Cast: Sandblast         |    27 |    39 ||    66
    Use: Scroll            |       |     5 ||     5
 Armour: Robe              |     4 |    16 ||    20
  Dodge: Dodged            |     2 |    36 ||    38

Table legend: (Time is in decaauts)
 A = Elapsed time spent in this place.
 B = Non-inter-level travel time spent in this place.
 C = Inter-level travel time spent in this place.
 D = Time resting spent in this place.
 E = Time spent auto-exploring this place.
 F = Levels seen in this place.
 G = Mean time per level.
                   A        B        C        D        E       F      G
               +--------+--------+--------+--------+--------+-----+--------+
         Total |   1738 |   1691 |     47 |     96 |   1363 |   2 |  869.0 |
       Dungeon |   1738 |   1691 |     47 |     96 |   1363 |   2 |  869.0 |
               +--------+--------+--------+--------+--------+-----+--------+

Top non-repeatable levels by time:
     D:1: 987 daAuts
     D:2: 750 daAuts
